Sasquatch vs Little Stars
Created - 19 novembre 2016 at 22:57
Goals
|
| Sasquatch |
2 |
2 |
0 |
4 |
| Little Stars |
0 |
4 |
2 |
6 |
|
Shots
|
| Sasquatch |
17 |
9 |
6 |
32 |
| Little Stars |
11 |
14 |
15 |
40 |
|
1st period
1. Sasquatch , Linus Omark 7 (Jonathan Blum, Stephane Da Costa) at 1:22
2. Sasquatch , Jason Akeson 6 (Linus Omark, Kevin Porter) at 19:02
Penalties :
No Penalty
2nd period
3. Little Stars , Brian Flynn 1 (Marcus Johansson, Conor Allen) at 3:48
4. Sasquatch , Linus Omark 8 (Kevin Porter) at 7:02 (PP)
5. Little Stars , Sean Avery 9 (Dana Tyrell, Ben Scrivens) at 10:05
6. Sasquatch , Jason Akeson 7 (Kevin Porter, Linus Omark) at 15:18
7. Little Stars , Marcus Johansson 6 (Niklas Hjalmarsson) at 15:56
8. Little Stars , Jesse Joensuu 6 (Justin Faulk, Raphael Diaz) at 18:03
Penalties :
Brian Flynn (Tex) for Interference (Minor) at 7:01
3rd period
9. Little Stars , Jesse Joensuu 7 (Andrej Nestrasil) at 17:37
10. Little Stars , Hugh Jessiman 12 (Dana Tyrell, Jared Spurgeon) at 19:21 (Empty Net)
Penalties :
Radko Gudas (Gat) for Elbowing (Minor) at 5:11
Goalie Stats
Jake Allen (Gat), 34 saves from 39 shots - (0,872), L, 0-1-0, 59:24 minutes
Ben Scrivens (Tex), 28 saves from 32 shots - (0,875), W, 3-0-0, 60:00 minutes
Players Stats for Sasquatch
Player Name G A P +/- PIM S H SB GA TA FO MP PP MP PK MP
------------------------------------------------------------------------------------
Arturs Kulda 0 0 0 -2 0 0 1 2 0 0 0/0 14:49 0:00 1:00
Brock Trotter 0 0 0 0 0 2 3 0 3 1 0/0 9:49 0:00 0:36
D.J King 0 0 0 -3 0 1 2 1 1 0 1/2 17:48 0:00 0:59
Drew Shore 0 0 0 0 0 2 0 0 1 0 1/3 10:08 0:00 0:32
Garnet Hathaway 0 0 0 -3 0 0 1 1 2 0 0/0 17:03 0:00 0:00
Jason Akeson 2 0 2 1 0 3 3 1 0 0 1/3 20:55 0:01 0:00
Jesper Fast 0 0 0 0 0 1 0 0 0 1 0/0 7:55 0:00 0:00
Jonathan Blum 0 1 1 -1 0 2 0 1 1 0 0/0 18:47 0:01 0:59
Josh Bailey 0 0 0 -1 0 2 2 1 0 0 0/1 12:13 0:00 0:28
Kevin Porter 0 3 3 1 0 4 2 1 1 0 15/33 21:51 0:01 0:56
Linus Omark 2 2 4 1 0 5 0 1 0 1 1/2 21:22 0:01 0:27
Mikael Backlund 0 0 0 -3 0 2 0 0 0 0 7/17 16:08 0:00 0:00
Nick Leddy 0 0 0 1 0 2 1 2 0 1 0/0 27:35 0:01 0:42
Radko Gudas 0 0 0 0 2 2 1 0 1 1 0/0 22:09 0:00 0:00
Ryan Strome 0 0 0 -1 0 0 1 1 0 0 0/0 11:47 0:00 0:00
Stephane Da Costa 0 1 1 -1 0 3 2 0 0 1 2/4 11:45 0:00 0:00
Yann Sauvé 0 0 0 -2 0 1 0 1 0 0 0/0 18:20 0:00 1:00
Yannick Weber 0 0 0 -2 0 0 2 2 1 0 0/0 17:36 0:00 0:17
Players Stats for Little Stars
Player Name G A P +/- PIM S H SB GA TA FO MP PP MP PK MP
------------------------------------------------------------------------------------
Alexander Vasyunov 0 0 0 0 0 0 0 0 0 0 0/1 2:09 0:04 0:00
Andrej Nestrasil 0 1 1 2 0 1 3 0 0 0 5/8 11:38 0:00 0:00
Brian Flynn 1 0 1 2 2 5 2 0 0 0 7/11 17:42 0:55 0:00
Conor Allen 0 1 1 -1 0 0 0 0 0 1 0/0 12:01 0:00 0:00
Dana Tyrell 0 2 2 -1 0 3 1 0 0 0 18/32 21:32 1:00 0:00
Hugh Jessiman 1 0 1 -1 0 6 2 0 0 1 2/3 21:32 1:00 0:00
Jared Spurgeon 0 1 1 0 0 0 1 4 0 0 0/0 18:16 0:52 0:00
Jesse Joensuu 2 0 2 2 0 4 1 0 0 1 0/1 11:38 0:00 0:00
Jonathan Huberdeau 0 0 0 0 0 0 0 0 0 0 0/0 2:09 0:04 0:00
Justin Faulk 0 1 1 0 0 4 0 4 1 2 0/0 18:16 0:52 0:00
Marcus Johansson 1 1 2 2 0 5 1 0 1 0 0/1 17:44 0:55 0:01
Michael Mersch 0 0 0 0 0 0 0 0 0 0 0/0 0:35 0:00 0:00
Niklas Hjalmarsson 0 1 1 4 0 1 1 1 2 1 0/0 23:19 1:07 0:01
Oscar Lindberg 0 0 0 0 0 0 0 0 0 0 0/0 0:00 0:00 0:00
Petter Granberg 0 0 0 -1 0 0 1 1 0 0 0/0 12:01 0:00 0:00
Raphael Diaz 0 1 1 4 0 0 1 2 0 0 0/0 23:19 1:07 0:01
Robert Klinkhammer 0 0 0 0 0 2 0 0 0 0 0/0 6:57 0:00 0:00
Scott Harrington 0 0 0 0 0 0 1 0 0 2 0/0 6:24 0:00 0:00
Sean Avery 1 0 1 -1 0 6 4 0 1 1 1/1 21:33 1:00 0:01
T.J. Tynan 0 0 0 0 0 0 1 0 0 0 1/3 6:57 0:00 0:00
Tom Kuhnhackl 0 0 0 2 0 2 2 0 0 0 1/1 11:38 0:00 0:00
Ty Rattie 0 0 0 0 0 0 1 0 0 0 0/0 8:31 0:04 0:00
Tyler Randell 0 0 0 2 0 1 2 0 1 1 2/3 17:43 0:55 0:00
Tyler Wotherspoon 0 0 0 0 0 0 0 0 0 1 0/0 6:24 0:00 0:00
3 Stars
1 - Linus Omark (Gat)
2 - Jason Akeson (Gat)
3 - Jesse Joensuu (Tex)
Power Play
Sasquatch - 1 on 1 Attempt(s) - 100,00%
Little Stars - 0 on 1 Attempt(s) - 0,00%
Penalty Kill
Sasquatch - 1 on 1 Attempt(s) - 100,00%
- Score 0 goal in Penalty Kill
Little Stars - 0 on 1 Attempt(s) - 0,00%
- Score 0 goal in Penalty Kill
Team Stat
Sasquatch - Hits : 21 - Faceoff Wins : 28 - Blocked Shots : 15 - Penalty Minutes : 2
Little Stars - Hits : 25 - Faceoff Wins : 37 - Blocked Shots : 12 - Penalty Minutes : 2
Official
Referees : StPierre Justin and Walsh Ian
Linesman : Shane Heyer and Greg Devorski
Game Notes
Hugh Jessiman has scored in a empty net!
Finance
Level 1 -- Attendance: 1612 (80,60%) -- Ticket Income 48 360 $
Level 2 -- Attendance: 746 (74,60%) -- Ticket Income 11 190 $
Total Attendance: 2358 (78,60%)
Total Ticket Income: 59 550 $
Other Income: 2 978 $
Total Income: 62 528 $
Sasquatch
5 vs 5 Forward
Center Left Wing Right Wing Time % Phy DF OF
1 Kevin Porter Linus Omark Jason Akeson 40 1 2 2
2 Mikael Backlund D.J King Garnet Hathaway 30 1 2 2
3 Stephane Da Costa Josh Bailey Ryan Strome 20 1 2 2
4 Drew Shore Brock Trotter Jesper Fast 10 1 2 2
5 vs 5 Defense
Defense Defense Time % Phy DF OF
1 Nick Leddy Radko Gudas 40 1 2 2
2 Yann Sauvé Yannick Weber 30 1 2 2
3 Jonathan Blum Arturs Kulda 20 1 2 2
4 Jonathan Blum Nick Leddy 10 1 2 2
PowerPlay Forward
Center Left Wing Right Wing Time % Phy DF OF
1 Kevin Porter Linus Omark Jason Akeson 60 1 2 2
2 Mikael Backlund D.J King Ryan Strome 40 1 2 2
PowerPlay Defense
Defense Defense Time % Phy DF OF
1 Nick Leddy Jonathan Blum 60 1 2 2
2 Yannick Weber Arturs Kulda 40 1 2 2
Penalty Kill 4 Players Forward
Center Wing Time % Phy DF OF
1 Kevin Porter D.J King 60 1 2 2
2 Drew Shore Linus Omark 40 1 2 2
Penalty Kill 4 Players Defense
Defense Defense Time % Phy DF OF
1 Arturs Kulda Yann Sauvé 60 1 2 2
2 Jonathan Blum Radko Gudas 40 1 2 2
Penalty Kill - 3 Players Forward
Forward Time % Phy DF OF
1 Kevin Porter 60 1 2 2
2 Drew Shore 40 1 2 2
Penalty Kill - 3 Players Defense
Defense Defense Time % Phy DF OF
1 Radko Gudas Arturs Kulda 60 1 2 2
2 Yann Sauvé Jonathan Blum 40 1 2 2
4 vs 4 Forward
Center Wing Time % Phy DF OF
1 Mikael Backlund D.J King 60 1 2 2
2 Kevin Porter Linus Omark 40 1 2 2
4 vs 4 Defense
Defense Defense Time % Phy DF OF
1 Arturs Kulda Radko Gudas 60 1 2 2
2 Yann Sauvé Jonathan Blum 40 1 2 2
Last Minutes Offensive
Center Left Wing Right Wing Defense Defense
Kevin Porter Linus Omark Jason Akeson Nick Leddy Yannick Weber
Last Minutes Defensive
Center Left Wing Right Wing Defense Defense
Kevin Porter D.J King Garnet Hathaway Yann Sauvé Arturs Kulda
Goaltenders
Starting : Jake Allen
Backup : Braden Holtby
Extra Forwards
Normal : D.J King, Drew Shore, Brock Trotter - PP : Mikael Backlund, Linus Omark - PK : Brock Trotter
Extra Defensemen
Normal : Jonathan Blum, Radko Gudas, Nick Leddy - PP : Yann Sauvé - PK : Nick Leddy, Yannick Weber
Penalty Shots
Linus Omark, Mikael Backlund, Jason Akeson, Ryan Strome, Brock Trotter
Little Stars
5 vs 5 Forward
Center Left Wing Right Wing Time % Phy DF OF
1 Dana Tyrell Sean Avery Hugh Jessiman 40 1 2 2
2 Brian Flynn Marcus Johansson Tyler Randell 30 1 2 2
3 Andrej Nestrasil Jesse Joensuu Tom Kuhnhackl 20 1 2 2
4 T.J. Tynan Robert Klinkhammer Ty Rattie 10 1 2 2
5 vs 5 Defense
Defense Defense Time % Phy DF OF
1 Raphael Diaz Niklas Hjalmarsson 40 1 2 2
2 Jared Spurgeon Justin Faulk 30 1 2 2
3 Petter Granberg Conor Allen 20 1 2 2
4 Tyler Wotherspoon Scott Harrington 10 1 2 2
PowerPlay Forward
Center Left Wing Right Wing Time % Phy DF OF
1 Dana Tyrell Sean Avery Hugh Jessiman 60 1 2 2
2 Brian Flynn Marcus Johansson Tyler Randell 40 1 2 2
PowerPlay Defense
Defense Defense Time % Phy DF OF
1 Raphael Diaz Niklas Hjalmarsson 60 1 2 2
2 Jared Spurgeon Justin Faulk 40 1 2 2
Penalty Kill 4 Players Forward
Center Wing Time % Phy DF OF
1 Sean Avery Marcus Johansson 60 1 2 2
2 Hugh Jessiman Dana Tyrell 40 1 2 2
Penalty Kill 4 Players Defense
Defense Defense Time % Phy DF OF
1 Raphael Diaz Niklas Hjalmarsson 60 1 2 2
2 Jared Spurgeon Justin Faulk 40 1 2 2
Penalty Kill - 3 Players Forward
Forward Time % Phy DF OF
1 Sean Avery 60 1 2 2
2 Marcus Johansson 40 1 2 2
Penalty Kill - 3 Players Defense
Defense Defense Time % Phy DF OF
1 Raphael Diaz Niklas Hjalmarsson 60 1 2 2
2 Jared Spurgeon Justin Faulk 40 1 2 2
4 vs 4 Forward
Center Wing Time % Phy DF OF
1 Sean Avery Marcus Johansson 60 1 2 2
2 Hugh Jessiman Dana Tyrell 40 1 2 2
4 vs 4 Defense
Defense Defense Time % Phy DF OF
1 Raphael Diaz Niklas Hjalmarsson 60 1 2 2
2 Jared Spurgeon Justin Faulk 40 1 2 2
Last Minutes Offensive
Center Left Wing Right Wing Defense Defense
Dana Tyrell Sean Avery Hugh Jessiman Raphael Diaz Niklas Hjalmarsson
Last Minutes Defensive
Center Left Wing Right Wing Defense Defense
Dana Tyrell Sean Avery Hugh Jessiman Raphael Diaz Niklas Hjalmarsson
Goaltenders
Starting : Ben Scrivens
Backup : Laurent Brossoit
Extra Forwards
Normal : Alexander Vasyunov, Jonathan Huberdeau, Michael Mersch - PP : Alexander Vasyunov, Jonathan Huberdeau - PK : Michael Mersch
Extra Defensemen
Normal : Petter Granberg, Conor Allen, Tyler Wotherspoon - PP : Petter Granberg - PK : Conor Allen, Tyler Wotherspoon
Penalty Shots
Sean Avery, Marcus Johansson, Hugh Jessiman, Dana Tyrell, Jesse Joensuu
% Time on Ice - Sasquatch
Lines # - Real PCT - Wanted PCT - Time Play
Normal Forward
1 - 39% - 40% - 22:09
2 - 28% - 30% - 16:08
3 - 20% - 20% - 11:45
4 - 13% - 10% - 7:27
Normal Defense
1 - 39% - 40% - 22:10
2 - 31% - 30% - 18:03
3 - 22% - 20% - 12:33
4 - 8% - 10% - 4:43
PP Forward
1 - 100% - 60% - 0:01
2 - 0% - 40% - 0:00
PP Defense
1 - 100% - 60% - 0:01
2 - 0% - 40% - 0:00
PK Forward
1 - 77% - 60% - 1:32
2 - 23% - 40% - 0:27
PK Defense
1 - 50% - 60% - 1:00
2 - 50% - 40% - 0:59
PK3 Forward
1 - 0% - 60%
2 - 0% - 40%
PK3 Defense
1 - 0% - 60%
2 - 0% - 40%
44 Forward
1 - 0% - 60%
2 - 0% - 40%
44 Defense
1 - 0% - 60%
2 - 0% - 40%
Last Minute Offensive - 0:31
Last Minute Defensive - 0:00
Total
Forward - 60:00
Defense - 60:00
|
% Time on Ice - Little Stars
Lines # - Real PCT - Wanted PCT - Time Play
Normal Forward
1 - 38% - 40% - 22:09
2 - 29% - 30% - 16:48
3 - 20% - 20% - 11:38
4 - 12% - 10% - 6:57
Normal Defense
1 - 39% - 40% - 22:11
2 - 29% - 30% - 16:56
3 - 21% - 20% - 12:01
4 - 11% - 10% - 6:24
PP Forward
1 - 54% - 60% - 1:04
2 - 46% - 40% - 0:55
PP Defense
1 - 56% - 60% - 1:07
2 - 44% - 40% - 0:52
PK Forward
1 - 100% - 60% - 0:01
2 - 0% - 40% - 0:00
PK Defense
1 - 100% - 60% - 0:01
2 - 0% - 40% - 0:00
PK3 Forward
1 - 0% - 60%
2 - 0% - 40%
PK3 Defense
1 - 0% - 60%
2 - 0% - 40%
44 Forward
1 - 0% - 60%
2 - 0% - 40%
44 Defense
1 - 0% - 60%
2 - 0% - 40%
Last Minute Offensive - 0:00
Last Minute Defensive - 0:28
Total
Forward - 60:00
Defense - 60:00
|
Play by Play
1st period
0:01 of 1st period - Dana Tyrell wins face-off versus Kevin Porter in neutral zone.
0:14 of 1st period - Snap shot by Linus Omark.
0:14 of 1st period - Stopped by Ben Scrivens with a rebound.
0:16 of 1st period - Snap shot by Linus Omark.
0:16 of 1st period - Deflect By Jason Akeson.
0:16 of 1st period - Shot Misses the Net.
0:16 of 1st period - Puck is out of play.
0:17 of 1st period - Mikael Backlund wins face-off versus Brian Flynn in Little Stars zone.
0:46 of 1st period - Off-side.
0:47 of 1st period - T.J. Tynan wins face-off versus Stephane Da Costa in neutral zone.
1:18 of 1st period - Snap shot by Linus Omark.
1:18 of 1st period - Shot Misses the Net.
1:20 of 1st period - Wrist shot by Jonathan Blum.
1:20 of 1st period - Stopped by Ben Scrivens with a rebound.
1:22 of 1st period - Snap shot by Linus Omark.
1:22 of 1st period - Goal by Linus Omark - Sasquatch : 1 - Little Stars : 0.
1:23 of 1st period - Drew Shore wins face-off versus Tyler Randell in neutral zone.
1:32 of 1st period - Wrist shot by Drew Shore.
1:32 of 1st period - Stopped by Ben Scrivens with a rebound.
1:50 of 1st period - Hugh Jessiman is hit by Radko Gudas and loses puck.
1:55 of 1st period - Slapshot by Linus Omark.
1:55 of 1st period - Stopped by Ben Scrivens with a rebound.
2:10 of 1st period - Off-side.
2:11 of 1st period - Andrej Nestrasil wins face-off versus Mikael Backlund in neutral zone.
2:22 of 1st period - Slapshot by Nick Leddy.
2:22 of 1st period - Stopped by Ben Scrivens with a rebound.
2:24 of 1st period - Slapshot by Mikael Backlund.
2:24 of 1st period - Shot Misses the Net.
2:45 of 1st period - Wrist shot by Brian Flynn.
2:45 of 1st period - Stopped by Jake Allen without a rebound.
2:46 of 1st period - Dana Tyrell wins face-off versus Kevin Porter in Sasquatch zone.
2:47 of 1st period - Snap shot by Sean Avery.
2:47 of 1st period - Stopped by Jake Allen with a rebound.
3:11 of 1st period - Brian Flynn is hit by Josh Bailey.
4:22 of 1st period - Snap shot by Hugh Jessiman.
4:22 of 1st period - Shot Blocked by Jason Akeson.
4:24 of 1st period - Wrist shot by Hugh Jessiman.
4:24 of 1st period - Shot Misses the Net.
4:53 of 1st period - Off-side.
4:54 of 1st period - Mikael Backlund wins face-off versus Andrej Nestrasil in neutral zone.
5:21 of 1st period - Jonathan Blum is hit by Sean Avery and loses puck.
5:35 of 1st period - Icing by Arturs Kulda.
5:36 of 1st period - Brian Flynn wins face-off versus Kevin Porter in Sasquatch zone.
5:37 of 1st period - Wrist shot by Marcus Johansson.
5:37 of 1st period - Stopped by Jake Allen with a rebound.
6:11 of 1st period - Brian Flynn is hit by Kevin Porter and loses puck.
6:19 of 1st period - Off-side.
6:20 of 1st period - Dana Tyrell wins face-off versus Mikael Backlund in neutral zone.
6:29 of 1st period - Snap shot by Dana Tyrell.
6:29 of 1st period - Shot Misses the Net.
6:50 of 1st period - Yann Sauvé is hit by T.J. Tynan and loses puck.
7:32 of 1st period - Slapshot by Nick Leddy.
7:32 of 1st period - Stopped by Ben Scrivens with a rebound.
7:44 of 1st period - Wrist shot by Nick Leddy.
7:44 of 1st period - Shot Misses the Net.
8:02 of 1st period - Snap shot by Kevin Porter.
8:02 of 1st period - Shot Misses the Net.
8:04 of 1st period - Wrist shot by Jason Akeson.
8:04 of 1st period - Shot Misses the Net.
8:08 of 1st period - Slapshot by Kevin Porter.
8:08 of 1st period - Stopped by Ben Scrivens with a rebound.
8:10 of 1st period - Slapshot by Radko Gudas.
8:10 of 1st period - Stopped by Ben Scrivens with a rebound.
8:50 of 1st period - Garnet Hathaway is hit by Tyler Randell and loses puck.
9:01 of 1st period - Slapshot by Sean Avery.
9:01 of 1st period - Stopped by Jake Allen without a rebound.
9:02 of 1st period - Dana Tyrell wins face-off versus Kevin Porter in Sasquatch zone.
9:15 of 1st period - Linus Omark is hit by Sean Avery and loses puck.
9:32 of 1st period - Snap shot by Josh Bailey.
9:32 of 1st period - Stopped by Ben Scrivens with a rebound.
9:34 of 1st period - Wrist shot by Josh Bailey.
9:34 of 1st period - Shot Misses the Net.
9:40 of 1st period - Slapshot by Stephane Da Costa.
9:40 of 1st period - Stopped by Ben Scrivens with a rebound.
10:31 of 1st period - Drew Shore is hit by Sean Avery.
10:49 of 1st period - Snap shot by Marcus Johansson.
10:49 of 1st period - Stopped by Jake Allen with a rebound.
10:51 of 1st period - Wrist shot by Marcus Johansson.
10:51 of 1st period - Shot Misses the Net.
11:07 of 1st period - Snap shot by Andrej Nestrasil.
11:07 of 1st period - Stopped by Jake Allen with a rebound.
11:13 of 1st period - Slapshot by Tom Kuhnhackl.
11:13 of 1st period - Stopped by Jake Allen with a rebound.
11:15 of 1st period - Slapshot by Petter Granberg.
11:15 of 1st period - Shot Blocked by Arturs Kulda.
13:15 of 1st period - Wrist shot by Marcus Johansson.
13:15 of 1st period - Shot Misses the Net.
13:40 of 1st period - Snap shot by Robert Klinkhammer.
13:40 of 1st period - Stopped by Jake Allen with a rebound.
14:30 of 1st period - Nick Leddy is hit by Brian Flynn and loses puck.
14:37 of 1st period - Niklas Hjalmarsson is hit by Kevin Porter and loses puck.
14:50 of 1st period - Snap shot by Hugh Jessiman.
14:50 of 1st period - Stopped by Jake Allen with a rebound.
14:58 of 1st period - Dana Tyrell is hit by D.J King and loses puck.
15:33 of 1st period - Niklas Hjalmarsson is hit by Jason Akeson and loses puck.
15:40 of 1st period - Jason Akeson is hit by Andrej Nestrasil and loses puck.
15:55 of 1st period - Slapshot by Mikael Backlund.
15:55 of 1st period - Stopped by Ben Scrivens without a rebound.
15:56 of 1st period - Mikael Backlund wins face-off versus Hugh Jessiman in Little Stars zone.
16:11 of 1st period - Snap shot by Sean Avery.
16:11 of 1st period - Shot Blocked by D.J King.
16:23 of 1st period - Marcus Johansson is hit by Nick Leddy and loses puck.
16:43 of 1st period - Wrist shot by Stephane Da Costa.
16:43 of 1st period - Stopped by Ben Scrivens with a rebound.
16:53 of 1st period - Slapshot by Justin Faulk.
16:53 of 1st period - Stopped by Jake Allen with a rebound.
17:03 of 1st period - Nick Leddy is hit by Sean Avery and loses puck.
17:16 of 1st period - Slapshot by Josh Bailey.
17:16 of 1st period - Stopped by Ben Scrivens with a rebound.
17:18 of 1st period - Wrist shot by Yann Sauvé.
17:18 of 1st period - Deflect By Josh Bailey.
17:18 of 1st period - Shot Blocked by Justin Faulk.
17:18 of 1st period - Puck is out of play.
17:19 of 1st period - Jason Akeson wins face-off versus T.J. Tynan in Little Stars zone.
17:37 of 1st period - Icing by Yann Sauvé.
17:38 of 1st period - Dana Tyrell wins face-off versus Jason Akeson in Sasquatch zone.
18:32 of 1st period - Wrist shot by Jesse Joensuu.
18:32 of 1st period - Deflect By Tom Kuhnhackl.
18:32 of 1st period - Stopped by Jake Allen with a rebound.
18:48 of 1st period - Dana Tyrell is hit by Brock Trotter and loses puck.
18:56 of 1st period - Snap shot by Jonathan Blum.
18:56 of 1st period - Deflect By Raphael Diaz.
18:56 of 1st period - Stopped by Ben Scrivens without a rebound.
18:57 of 1st period - Kevin Porter wins face-off versus Brian Flynn in Little Stars zone.
18:58 of 1st period - Wrist shot by Linus Omark.
18:58 of 1st period - Deflect By Jason Akeson.
18:58 of 1st period - Shot Blocked by Jared Spurgeon.
18:58 of 1st period - Puck is out of play.
18:59 of 1st period - Kevin Porter wins face-off versus Brian Flynn in Little Stars zone.
19:00 of 1st period - Slapshot by Linus Omark.
19:00 of 1st period - Stopped by Ben Scrivens with a rebound.
19:02 of 1st period - Snap shot by Jason Akeson.
19:02 of 1st period - Goal by Jason Akeson - Sasquatch : 2 - Little Stars : 0.
19:03 of 1st period - Dana Tyrell wins face-off versus Kevin Porter in neutral zone.
19:38 of 1st period - Mikael Backlund is hit by Marcus Johansson and loses puck.
Goals for this period are 2 for Sasquatch vs 0 for Little Stars.
Shots for this period are 17 for Sasquatch vs 11 for Little Stars.
2nd period
0:01 of 2nd period - Dana Tyrell wins face-off versus Kevin Porter in neutral zone.
0:08 of 2nd period - Wrist shot by Hugh Jessiman.
0:08 of 2nd period - Stopped by Jake Allen with a rebound.
0:26 of 2nd period - Nick Leddy is hit by Brian Flynn and loses puck.
1:17 of 2nd period - Snap shot by Hugh Jessiman.
1:17 of 2nd period - Shot Blocked by Arturs Kulda.
1:23 of 2nd period - Hugh Jessiman is hit by Brock Trotter and loses puck.
1:40 of 2nd period - Snap shot by Kevin Porter.
1:40 of 2nd period - Stopped by Ben Scrivens without a rebound.
1:41 of 2nd period - Kevin Porter wins face-off versus T.J. Tynan in Little Stars zone.
1:58 of 2nd period - Slapshot by Linus Omark.
1:58 of 2nd period - Shot Blocked by Justin Faulk.
2:40 of 2nd period - Off-side.
2:41 of 2nd period - Mikael Backlund wins face-off versus Dana Tyrell in neutral zone.
2:51 of 2nd period - Snap shot by Hugh Jessiman.
2:51 of 2nd period - Shot Misses the Net.
2:53 of 2nd period - Slapshot by Niklas Hjalmarsson.
2:53 of 2nd period - Shot Misses the Net.
2:55 of 2nd period - Snap shot by Dana Tyrell.
2:55 of 2nd period - Deflect By Hugh Jessiman.
2:55 of 2nd period - Stopped by Jake Allen with a rebound.
2:57 of 2nd period - Wrist shot by Sean Avery.
2:57 of 2nd period - Shot Misses the Net.
3:17 of 2nd period - Snap shot by Brian Flynn.
3:17 of 2nd period - Stopped by Jake Allen without a rebound.
3:18 of 2nd period - Dana Tyrell wins face-off versus Mikael Backlund in Sasquatch zone.
3:48 of 2nd period - Snap shot by Brian Flynn.
3:48 of 2nd period - Goal by Brian Flynn - Sasquatch : 2 - Little Stars : 1.
3:49 of 2nd period - Kevin Porter wins face-off versus Dana Tyrell in neutral zone.
3:52 of 2nd period - Snap shot by Nick Leddy.
3:52 of 2nd period - Shot Blocked by Niklas Hjalmarsson.
4:14 of 2nd period - Radko Gudas is hit by Tom Kuhnhackl and loses puck.
4:38 of 2nd period - Icing by Linus Omark.
4:39 of 2nd period - Brian Flynn wins face-off versus Mikael Backlund in Sasquatch zone.
4:45 of 2nd period - Off-side.
4:46 of 2nd period - Dana Tyrell wins face-off versus Mikael Backlund in neutral zone.
5:03 of 2nd period - Snap shot by Mikael Backlund.
5:03 of 2nd period - Shot Misses the Net.
5:05 of 2nd period - Slapshot by D.J King.
5:05 of 2nd period - Stopped by Ben Scrivens without a rebound.
5:06 of 2nd period - Brian Flynn wins face-off versus Kevin Porter in Little Stars zone.
5:13 of 2nd period - Wrist shot by Marcus Johansson.
5:13 of 2nd period - Shot Blocked by Linus Omark.
5:15 of 2nd period - Slapshot by Raphael Diaz.
5:15 of 2nd period - Deflect By Brian Flynn.
5:15 of 2nd period - Shot Misses the Net.
5:15 of 2nd period - Puck is out of play.
5:16 of 2nd period - Brian Flynn wins face-off versus Kevin Porter in Sasquatch zone.
5:38 of 2nd period - Off-side.
5:39 of 2nd period - Dana Tyrell wins face-off versus Mikael Backlund in neutral zone.
6:04 of 2nd period - Josh Bailey is hit by Petter Granberg and loses puck.
6:31 of 2nd period - Linus Omark is hit by Tyler Randell and loses puck.
7:01 of 2nd period - Minor Penalty to Brian Flynn for Interference.
7:02 of 2nd period - Kevin Porter wins face-off versus Marcus Johansson in Little Stars zone.
7:02 of 2nd period - Backhand shot by Linus Omark.
7:02 of 2nd period - Goal by Linus Omark - Sasquatch : 3 - Little Stars : 1.
7:03 of 2nd period - Hugh Jessiman wins face-off versus Kevin Porter in neutral zone.
7:53 of 2nd period - Ryan Strome is hit by Andrej Nestrasil and loses puck.
7:58 of 2nd period - Wrist shot by Jesse Joensuu.
7:58 of 2nd period - Stopped by Jake Allen without a rebound.
7:59 of 2nd period - Kevin Porter wins face-off versus Dana Tyrell in Sasquatch zone.
8:01 of 2nd period - Icing by Linus Omark.
8:02 of 2nd period - Dana Tyrell wins face-off versus Kevin Porter in Sasquatch zone.
8:29 of 2nd period - Conor Allen is hit by Arturs Kulda.
8:37 of 2nd period - Off-side.
8:38 of 2nd period - Andrej Nestrasil wins face-off versus D.J King in neutral zone.
8:49 of 2nd period - Snap shot by Mikael Backlund.
8:49 of 2nd period - Stopped by Ben Scrivens without a rebound.
8:50 of 2nd period - Dana Tyrell wins face-off versus Jason Akeson in Little Stars zone.
8:56 of 2nd period - Raphael Diaz is hit by Jason Akeson and loses puck.
10:05 of 2nd period - Snap shot by Sean Avery.
10:05 of 2nd period - Goal by Sean Avery - Sasquatch : 3 - Little Stars : 2.
10:06 of 2nd period - Tyler Randell wins face-off versus Kevin Porter in neutral zone.
10:33 of 2nd period - Mikael Backlund is hit by Jared Spurgeon and loses puck.
10:56 of 2nd period - Radko Gudas is hit by Andrej Nestrasil and loses puck.
11:19 of 2nd period - Snap shot by Marcus Johansson.
11:19 of 2nd period - Stopped by Jake Allen without a rebound.
11:20 of 2nd period - Brian Flynn wins face-off versus Drew Shore in Sasquatch zone.
11:23 of 2nd period - Slapshot by Marcus Johansson.
11:23 of 2nd period - Shot Misses the Net.
11:43 of 2nd period - Slapshot by Marcus Johansson.
11:43 of 2nd period - Shot Misses the Net.
11:45 of 2nd period - Snap shot by Tyler Randell.
11:45 of 2nd period - Shot Misses the Net.
11:47 of 2nd period - Slapshot by Raphael Diaz.
11:47 of 2nd period - Shot Blocked by Yannick Weber.
11:49 of 2nd period - Slapshot by Niklas Hjalmarsson.
11:49 of 2nd period - Shot Misses the Net.
11:51 of 2nd period - Slapshot by Niklas Hjalmarsson.
11:51 of 2nd period - Stopped by Jake Allen with a rebound.
12:01 of 2nd period - Wrist shot by Brian Flynn.
12:01 of 2nd period - Deflect By Marcus Johansson.
12:01 of 2nd period - Shot Blocked by Yann Sauvé.
12:01 of 2nd period - Puck is out of play.
12:02 of 2nd period - Dana Tyrell wins face-off versus Linus Omark in Sasquatch zone.
12:34 of 2nd period - Slapshot by Justin Faulk.
12:34 of 2nd period - Shot Misses the Net.
12:48 of 2nd period - Robert Klinkhammer is hit by Josh Bailey and loses puck.
13:49 of 2nd period - Off-side.
13:50 of 2nd period - Mikael Backlund wins face-off versus Jesse Joensuu in neutral zone.
14:01 of 2nd period - Wrist shot by Jesse Joensuu.
14:01 of 2nd period - Stopped by Jake Allen with a rebound.
14:40 of 2nd period - Snap shot by Brian Flynn.
14:40 of 2nd period - Shot Misses the Net.
14:42 of 2nd period - Slapshot by Petter Granberg.
14:42 of 2nd period - Shot Blocked by Josh Bailey.
14:44 of 2nd period - Snap shot by Marcus Johansson.
14:44 of 2nd period - Stopped by Jake Allen with a rebound.
14:46 of 2nd period - Snap shot by Tyler Randell.
14:46 of 2nd period - Shot Blocked by Ryan Strome.
14:58 of 2nd period - Snap shot by Drew Shore.
14:58 of 2nd period - Shot Misses the Net.
15:00 of 2nd period - Slapshot by Yann Sauvé.
15:00 of 2nd period - Stopped by Ben Scrivens with a rebound.
15:02 of 2nd period - Snap shot by Brock Trotter.
15:02 of 2nd period - Stopped by Ben Scrivens without a rebound.
15:03 of 2nd period - Kevin Porter wins face-off versus Dana Tyrell in Little Stars zone.
15:08 of 2nd period - Wrist shot by Linus Omark.
15:08 of 2nd period - Shot Misses the Net.
15:10 of 2nd period - Snap shot by Linus Omark.
15:10 of 2nd period - Shot Blocked by Justin Faulk.
15:12 of 2nd period - Wrist shot by Kevin Porter.
15:12 of 2nd period - Shot Misses the Net.
15:14 of 2nd period - Snap shot by Kevin Porter.
15:14 of 2nd period - Shot Blocked by Jared Spurgeon.
15:16 of 2nd period - Wrist shot by Kevin Porter.
15:16 of 2nd period - Shot Blocked by Justin Faulk.
15:18 of 2nd period - Wrist shot by Jason Akeson.
15:18 of 2nd period - Goal by Jason Akeson - Sasquatch : 4 - Little Stars : 2.
15:19 of 2nd period - Dana Tyrell wins face-off versus Kevin Porter in neutral zone.
15:56 of 2nd period - Wrist shot by Marcus Johansson.
15:56 of 2nd period - Goal by Marcus Johansson - Sasquatch : 4 - Little Stars : 3.
15:57 of 2nd period - Dana Tyrell wins face-off versus Kevin Porter in neutral zone.
16:27 of 2nd period - Slapshot by Mikael Backlund.
16:27 of 2nd period - Shot Misses the Net.
16:29 of 2nd period - Slapshot by Radko Gudas.
16:29 of 2nd period - Stopped by Ben Scrivens with a rebound.
16:31 of 2nd period - Slapshot by Nick Leddy.
16:31 of 2nd period - Shot Misses the Net.
17:16 of 2nd period - Wrist shot by Robert Klinkhammer.
17:16 of 2nd period - Shot Misses the Net.
17:28 of 2nd period - Snap shot by Sean Avery.
17:28 of 2nd period - Stopped by Jake Allen without a rebound.
17:29 of 2nd period - Kevin Porter wins face-off versus Dana Tyrell in Sasquatch zone.
17:43 of 2nd period - Kevin Porter is hit by Hugh Jessiman and loses puck.
17:54 of 2nd period - Niklas Hjalmarsson is hit by Garnet Hathaway and loses puck.
18:01 of 2nd period - Slapshot by Justin Faulk.
18:01 of 2nd period - Shot Blocked by Yannick Weber.
18:03 of 2nd period - Snap shot by Jesse Joensuu.
18:03 of 2nd period - Goal by Jesse Joensuu - Sasquatch : 4 - Little Stars : 4.
18:04 of 2nd period - Kevin Porter wins face-off versus Dana Tyrell in neutral zone.
18:06 of 2nd period - Off-side.
18:07 of 2nd period - Kevin Porter wins face-off versus Dana Tyrell in neutral zone.
18:16 of 2nd period - Off-side.
18:17 of 2nd period - Sean Avery wins face-off versus Kevin Porter in neutral zone.
18:26 of 2nd period - Slapshot by Dana Tyrell.
18:26 of 2nd period - Shot Misses the Net.
19:00 of 2nd period - Off-side.
19:01 of 2nd period - Stephane Da Costa wins face-off versus Andrej Nestrasil in neutral zone.
19:10 of 2nd period - Snap shot by Stephane Da Costa.
19:10 of 2nd period - Shot Misses the Net.
19:12 of 2nd period - Snap shot by Stephane Da Costa.
19:12 of 2nd period - Stopped by Ben Scrivens with a rebound.
19:14 of 2nd period - Slapshot by Radko Gudas.
19:14 of 2nd period - Shot Misses the Net.
19:16 of 2nd period - Snap shot by Josh Bailey.
19:16 of 2nd period - Shot Misses the Net.
19:35 of 2nd period - Wrist shot by Dana Tyrell.
19:35 of 2nd period - Stopped by Jake Allen without a rebound.
19:36 of 2nd period - Mikael Backlund wins face-off versus Dana Tyrell in Sasquatch zone.
Goals for this period are 2 for Sasquatch vs 4 for Little Stars.
Shots for this period are 9 for Sasquatch vs 14 for Little Stars.
3rd period
0:01 of 3rd period - Kevin Porter wins face-off versus Dana Tyrell in neutral zone.
0:35 of 3rd period - Brian Flynn is hit by Yannick Weber and loses puck.
1:14 of 3rd period - Drew Shore is hit by Raphael Diaz and loses puck.
1:31 of 3rd period - Snap shot by Robert Klinkhammer.
1:31 of 3rd period - Shot Misses the Net.
1:33 of 3rd period - Slapshot by Justin Faulk.
1:33 of 3rd period - Stopped by Jake Allen with a rebound.
1:35 of 3rd period - Wrist shot by Justin Faulk.
1:35 of 3rd period - Shot Misses the Net.
2:00 of 3rd period - Wrist shot by Kevin Porter.
2:00 of 3rd period - Stopped by Ben Scrivens without a rebound.
2:01 of 3rd period - Brian Flynn wins face-off versus Mikael Backlund in Little Stars zone.
2:16 of 3rd period - Snap shot by Marcus Johansson.
2:16 of 3rd period - Shot Blocked by Nick Leddy.
2:23 of 3rd period - Icing by Radko Gudas.
2:24 of 3rd period - Mikael Backlund wins face-off versus Andrej Nestrasil in Sasquatch zone.
2:24 of 3rd period - Mikael Backlund is hit by Tom Kuhnhackl.
2:38 of 3rd period - Slapshot by Jared Spurgeon.
2:38 of 3rd period - Shot Misses the Net.
2:40 of 3rd period - Slapshot by Justin Faulk.
2:40 of 3rd period - Stopped by Jake Allen without a rebound.
2:41 of 3rd period - Linus Omark wins face-off versus Dana Tyrell in Sasquatch zone.
2:41 of 3rd period - Linus Omark is hit by Dana Tyrell.
2:47 of 3rd period - Wrist shot by Sean Avery.
2:47 of 3rd period - Shot Misses the Net.
3:09 of 3rd period - Icing by Brian Flynn.
3:10 of 3rd period - Tyler Randell wins face-off versus Mikael Backlund in Little Stars zone.
3:31 of 3rd period - Wrist shot by Brian Flynn.
3:31 of 3rd period - Stopped by Jake Allen with a rebound.
3:50 of 3rd period - Wrist shot by Brian Flynn.
3:50 of 3rd period - Stopped by Jake Allen with a rebound.
4:12 of 3rd period - Snap shot by Brock Trotter.
4:12 of 3rd period - Stopped by Ben Scrivens without a rebound.
4:13 of 3rd period - D.J King wins face-off versus Dana Tyrell in Little Stars zone.
4:16 of 3rd period - Backhand shot by Mikael Backlund.
4:16 of 3rd period - Deflect By D.J King.
4:16 of 3rd period - Shot Misses the Net.
4:16 of 3rd period - Puck is out of play.
4:17 of 3rd period - Dana Tyrell wins face-off versus Mikael Backlund in Little Stars zone.
4:17 of 3rd period - Dana Tyrell is hit by D.J King.
4:20 of 3rd period - Icing by Hugh Jessiman.
4:21 of 3rd period - Dana Tyrell wins face-off versus Mikael Backlund in Little Stars zone.
4:53 of 3rd period - Wrist shot by Dana Tyrell.
4:53 of 3rd period - Shot Blocked by Garnet Hathaway.
4:55 of 3rd period - Slapshot by Justin Faulk.
4:55 of 3rd period - Deflect By Hugh Jessiman.
4:55 of 3rd period - Stopped by Jake Allen with a rebound.
4:57 of 3rd period - Wrist shot by Dana Tyrell.
4:57 of 3rd period - Shot Blocked by Jonathan Blum.
4:59 of 3rd period - Snap shot by Sean Avery.
4:59 of 3rd period - Stopped by Jake Allen without a rebound.
5:00 of 3rd period - Andrej Nestrasil wins face-off versus Kevin Porter in Sasquatch zone.
5:09 of 3rd period - Snap shot by Jesse Joensuu.
5:09 of 3rd period - Shot Blocked by Kevin Porter.
5:11 of 3rd period - Minor Penalty to Radko Gudas for Elbowing.
5:12 of 3rd period - Kevin Porter wins face-off versus Dana Tyrell in Sasquatch zone.
7:11 of 3rd period - Penalty to Radko Gudas is over, Radko Gudas is back on ice.
7:29 of 3rd period - Nick Leddy is hit by Scott Harrington and loses puck.
8:36 of 3rd period - Icing by Scott Harrington.
8:37 of 3rd period - Kevin Porter wins face-off versus Alexander Vasyunov in Little Stars zone.
8:52 of 3rd period - Wrist shot by Linus Omark.
8:52 of 3rd period - Deflect By Kevin Porter.
8:52 of 3rd period - Stopped by Ben Scrivens with a rebound.
9:35 of 3rd period - Tom Kuhnhackl is hit by Ryan Strome and loses puck.
9:42 of 3rd period - Ryan Strome is hit by Jesse Joensuu and loses puck.
9:55 of 3rd period - Jared Spurgeon is hit by Jason Akeson and loses puck.
10:12 of 3rd period - Dana Tyrell is hit by Stephane Da Costa and loses puck.
12:17 of 3rd period - Wrist shot by Sean Avery.
12:17 of 3rd period - Deflect By Dana Tyrell.
12:17 of 3rd period - Stopped by Jake Allen without a rebound.
12:18 of 3rd period - Stephane Da Costa wins face-off versus Dana Tyrell in Sasquatch zone.
12:31 of 3rd period - Slapshot by Dana Tyrell.
12:31 of 3rd period - Stopped by Jake Allen without a rebound.
12:32 of 3rd period - Kevin Porter wins face-off versus Brian Flynn in Sasquatch zone.
12:45 of 3rd period - Snap shot by Linus Omark.
12:45 of 3rd period - Shot Blocked by Raphael Diaz.
12:47 of 3rd period - Wrist shot by Linus Omark.
12:47 of 3rd period - Shot Blocked by Raphael Diaz.
13:08 of 3rd period - Yann Sauvé is hit by Niklas Hjalmarsson.
13:26 of 3rd period - Garnet Hathaway is hit by Ty Rattie.
13:34 of 3rd period - Slapshot by Justin Faulk.
13:34 of 3rd period - Stopped by Jake Allen with a rebound.
13:36 of 3rd period - Snap shot by Robert Klinkhammer.
13:36 of 3rd period - Stopped by Jake Allen without a rebound.
13:37 of 3rd period - Brian Flynn wins face-off versus Kevin Porter in Sasquatch zone.
13:46 of 3rd period - Snap shot by Marcus Johansson.
13:46 of 3rd period - Shot Blocked by Nick Leddy.
13:48 of 3rd period - Wrist shot by Brian Flynn.
13:48 of 3rd period - Shot Misses the Net.
13:50 of 3rd period - Slapshot by Tyler Randell.
13:50 of 3rd period - Shot Hit the Post.
13:52 of 3rd period - Wrist shot by Tyler Randell.
13:52 of 3rd period - Stopped by Jake Allen with a rebound.
14:29 of 3rd period - Slapshot by Brock Trotter.
14:29 of 3rd period - Deflect By Jared Spurgeon.
14:29 of 3rd period - Shot Misses the Net.
14:29 of 3rd period - Puck is out of play.
14:30 of 3rd period - Hugh Jessiman wins face-off versus Kevin Porter in Little Stars zone.
14:30 of 3rd period - Hugh Jessiman is hit by Yannick Weber.
15:23 of 3rd period - Slapshot by Brock Trotter.
15:23 of 3rd period - Shot Blocked by Jared Spurgeon.
15:25 of 3rd period - Wrist shot by Jesper Fast.
15:25 of 3rd period - Stopped by Ben Scrivens without a rebound.
15:26 of 3rd period - Tom Kuhnhackl wins face-off versus Drew Shore in Little Stars zone.
15:56 of 3rd period - Slapshot by Drew Shore.
15:56 of 3rd period - Stopped by Ben Scrivens without a rebound.
15:57 of 3rd period - Dana Tyrell wins face-off versus Josh Bailey in Little Stars zone.
15:57 of 3rd period - Dana Tyrell is hit by Stephane Da Costa.
16:27 of 3rd period - Snap shot by Linus Omark.
16:27 of 3rd period - Shot Blocked by Petter Granberg.
16:29 of 3rd period - Wrist shot by Jason Akeson.
16:29 of 3rd period - Shot Misses the Net.
16:31 of 3rd period - Snap shot by Radko Gudas.
16:31 of 3rd period - Shot Misses the Net.
16:33 of 3rd period - Snap shot by Jason Akeson.
16:33 of 3rd period - Stopped by Ben Scrivens with a rebound.
17:04 of 3rd period - Conor Allen is hit by Brock Trotter and loses puck.
17:31 of 3rd period - Snap shot by Hugh Jessiman.
17:31 of 3rd period - Stopped by Jake Allen with a rebound.
17:33 of 3rd period - Snap shot by Sean Avery.
17:33 of 3rd period - Stopped by Jake Allen without a rebound.
17:34 of 3rd period - Andrej Nestrasil wins face-off versus Kevin Porter in Sasquatch zone.
17:37 of 3rd period - Snap shot by Jesse Joensuu.
17:37 of 3rd period - Goal by Jesse Joensuu - Sasquatch : 4 - Little Stars : 5.
17:38 of 3rd period - Andrej Nestrasil wins face-off versus Stephane Da Costa in neutral zone.
18:10 of 3rd period - Jason Akeson is hit by Hugh Jessiman.
18:45 of 3rd period - Sasquatch, Jake Allen is pulled from the net.
18:47 of 3rd period - Wrist shot by Kevin Porter.
18:47 of 3rd period - Shot Blocked by Jared Spurgeon.
19:21 of 3rd period - Wrist shot by Dana Tyrell.
19:21 of 3rd period - Deflect By Hugh Jessiman.
19:21 of 3rd period - Goal by Hugh Jessiman - Sasquatch : 4 - Little Stars : 6.
19:21 of 3rd period - Jake Allen from Sasquatch was sent back in the game.
19:22 of 3rd period - Kevin Porter wins face-off versus Dana Tyrell in neutral zone.
Goals for this period are 0 for Sasquatch vs 2 for Little Stars.
Shots for this period are 6 for Sasquatch vs 15 for Little Stars.
Back to the Top